cohdb
Replays
Latest Replays
All Replays
Popular Replays
Top Player Replays
Match Explorer
How It Works
Community
CoH3 Stats
Reddit
Sign in to upload your games and track your stats! →
Sign in with Steam
Match 46306104
Unlisted
Match 46306104
Overview
Messages
Build Orders
End
Construct Section Command Post
Royal Engineer Section
Selects Canadian Shock Battlegroup
Dingo Light Scout Car
Infantry Section
Infantry Section
Grenade Package
Construct Field Infirmary
Selects Incendiary Munitions
Construct Platoon Command Post
Selects Offensive Resupply
Vickers Machine Gun Team
Vickers Machine Gun Team
6-pounder Anti-tank Gun Team
Selects Pyrotechnics
Construct Company Command Post
Infantry Section
Matilda II Heavy Tank
Selects Churchill Crocodile Heavy Tank
Royal Engineer Section
Selects Canadian Shock Section
Churchill Crocodile Heavy Tank
Crusader II Medium Tank
Crusader II Medium Tank
Angrybirds
CAuMOH
MMMerVVV
alloverU LIKEARASH
0
0
Comments
sign in to comment!
No comments posted yet!